 Dungeon Crawl Stone Soup version 0.29-a0-25-g7f48f510a0 (webtiles) character file.

Game seed: 14409341712499030840

1217 ragingrage the Ogre Mage (level 8, -6/56 (67) HPs)
             Began as an Ogre Fire Elementalist on Feb 1, 2022.
             Was an Initiate of Vehumet.
             Mangled by an ogre (24 damage)
             ... on level 6 of the Dungeon.
             The game lasted 00:07:19 (7084 turns).

ragingrage the Ogre Mage (Ogre Fire Elementalist)   Turns: 7084, Time: 00:07:19

HP:   -6/56 (67)    AC:  4    Str: 13    XL:     8   Next: 46%
MP:   11/17         EV:  9    Int: 18    God:    Vehumet [......]
Gold: 260           SH:  0    Dex:  9    Spells: 10/20 levels left

rFire   . . .      SeeInvis +   w - +1 flail "Beastbane" {drain, rElec SInv}
rCold   . . .      Faith    .   (no shield)
rNeg    . . .      Spirit   .   a - +0 robe
rPois   .          Reflect  .   (helmet restricted)
rElec   +          Harm     .   e - +0 cloak
rCorr   .          Rampage  .   (gloves unavailable)
Will    .....                   (boots unavailable)
Stlth   +.........              (no amulet)
HPRegen 0.18/turn               (no ring)
MPRegen 0.15/turn               (no ring)

@: heavily drained
A: large, unfitting armour, tough skin 1
a: Renounce Religion


You were on level 6 of the Dungeon.
You worshipped Vehumet.
Vehumet was noncommittal.
You visited 2 branches of the dungeon, and saw 8 of its levels.
You also visited: Sewer and Ossuary.

You collected 260 gold pieces.

Inventory:

Hand Weapons
 w - the +1 flail "Beastbane" (weapon) {drain, rElec SInv}
   (You found it on level 5 of the Dungeon)

   A truly terrible weapon, it drains the life of any living foe it strikes.
   rElec:     It insulates you from electricity.
   SInv:      It lets you see invisible.
Armour
 a - a +0 robe (worn)
 e - a +0 cloak (worn)
Wands
 u - a wand of iceblast (6)
Scrolls
 c - 10 scrolls of teleportation {unknown}
 d - 3 scrolls of immolation {unknown}
 f - a scroll of fog {unknown}
 g - 3 scrolls of enchant weapon {unknown}
 i - a scroll of brand weapon {unknown}
 j - a scroll of noise {unknown}
 m - 2 scrolls of magic mapping {unknown}
 n - 6 scrolls of identify {unknown}
 s - a scroll of blinking {unknown}
 v - 3 scrolls of enchant armour {unknown}
 y - a scroll of summoning {unknown}
Potions
 b - a potion of attraction
 h - a potion of ambrosia
 k - a potion of haste {unknown}
 l - 2 potions of heal wounds
 o - a potion of cancellation {unknown}
 p - a potion of might {unknown}
 q - a potion of resistance {unknown}
 r - 2 potions of invisibility {unknown}
 t - 4 potions of curing {unknown}
 x - a potion of flight {unknown}
 z - 3 potions of brilliance {unknown}
 A - a potion of mutation {unknown}
 B - a potion of lignification {unknown}


   Skills:
 - Level 1.7 Dodging
 - Level 1.4 Stealth
 + Level 6.6 Spellcasting
 + Level 5.1 Conjurations
 + Level 5.9 Fire Magic


You had 10 spell levels left.
You knew the following spells:

 Your Spells              Type           Power      Damage    Failure   Level
a - Foxfire               Conj/Fire      100%       2x1d9     1%          1
b - Scorch                Fire           54%        2d7       1%          2
c - Conjure Flame         Conj/Fire      25%        6-21      3%          3
d - Flame Wave            Conj/Fire      25%        2d7       12%         4

Your spell library contained the following spells:

 Spells                   Type           Power      Damage    Failure   Level
 Inner Flame              Hex/Fire       16%        N/A       10%         3
 Beastly Appendage        Tmut           10%        N/A       12%         1
 Corpse Rot               Necr/Air       10%        N/A       17%         2
 Poisonous Vapours        Pois/Air       10%        N/A       17%         2
 Wereblood                Tmut           5%         N/A       17%         2
 Spider Form              Tmut/Pois      5%         N/A       34%         3
 Summon Guardian Golem    Hex/Summ       5%         N/A       34%         3
 Orb of Destruction       Conj           12%        9d7       100%        7
 Spellforged Servitor     Conj/Summ      7%         N/A       100%        7


Dungeon Overview and Level Annotations

Branches:
Dungeon (7/15)             Temple (1/1) D:5           Sewer (visited)
Ossuary (visited)

Altars:
Dithmenos
Fedhas
Gozag
Kikubaaqudgha
Nemelex Xobeh
Qazlal
Trog
Uskayaw
Vehumet
Wu Jian
Zin
The Shining One

Shops:
D:3 (

Annotations:
D:7 exclusion: upstairs


Innate Abilities, Weirdness & Mutations

You are too large for most types of armour.
You have tough skin. (AC +1)


Message History

Confirm with . or Enter, or press ? or * to list all spells.
Flames lash the black bear.
The black bear is burned terribly!
The black bear is almost dead.
The black bear goes berserk!
Casting: Scorch (safe; 1% risk of failure)
Confirm with . or Enter, or press ? or * to list all spells.
Flames lash the black bear.
The black bear is burned terribly!
You kill the black bear!
Vehumet accepts your kill.
Casting: Scorch (safe; 1% risk of failure)
Confirm with . or Enter, or press ? or * to list all spells.
Flames lash the steam dragon.
The steam dragon is lightly wounded.
The steam dragon's fire resistance burns away.
The orc warrior hits you with a +1 mace of draining!
You feel drained.
Casting: Scorch (safe; 1% risk of failure)
Confirm with . or Enter, or press ? or * to list all spells.
Flames lash the orc.
You kill the orc!
Vehumet accepts your kill.
The orc warrior hits you with a +1 mace of draining!
You feel drained.
The orc warrior throws a stone.
The stone hits you.
The steam dragon is no longer more vulnerable to fire.
The orc warrior throws a stone.
The stone closely misses you.
The orc warrior throws a stone.
The stone hits you.
The orc warrior throws a stone.
The stone hits you.
* * * LOW HITPOINT WARNING * * *
There is a stone staircase leading up here.
You climb upwards.
The orc shouts!
The ogre shouts!
The orc shouts! x2
The orc hits you but does no damage. x2
Found a scroll labelled CONAM JOYTHRO, 7 gold pieces and 22 stones.
Found a stone staircase leading down.
There is a stone staircase leading down here.
Unknown command.
The orc barely misses you. x2
The ogre hits you with a +0 giant spiked club!!
You die...

#..## #...#
####### #...#.
##.....## #.oo'o
##.......#.##.o###
#.oo.>.....##..###
#.♣....?♣..##.<...
#.Oo.......##.....
#@..♣.♣.$...#.....
#...(......##..###
...♣.....♣..##..#
#......>.....#...#
#..#.......#.#...#
#.. #.....# ##..#
##' ###### ..


You could see an ogre and 3 orcs.

Vanquished Creatures
  Grinder (D:5)
  Pargi (Sewer)
  A black bear (D:7)
  A necrophage (D:5)
  A centaur (D:7)
  2 scorpions
  A bullfrog zombie (D:5)
  3 hounds
  A centaur skeleton (D:5)
  4 iguanas
  An orc wizard (D:7)
  4 mummies
  2 gnolls (D:6)
  2 river rats (D:3)
  5 adders
  A shadow imp (D:5)
  A white imp (D:4)
  An ufetubus (D:5)
  4 adder zombies (Ossuary)
  A worm (D:3)
  A dart slug (D:1)
  8 orcs
  6 ball pythons
  7 endoplasms
  2 giant cockroaches
  A gnoll zombie (Ossuary)
  3 goblins
  8 hobgoblins
  2 jackals (D:5)
  4 kobolds
  5 quokkas
  2 bats
  11 frilled lizards
  2 goblin zombies (Ossuary)
  5 hobgoblin zombies (Ossuary)
  3 kobold zombies (Ossuary)
  A quokka zombie (Ossuary)
  A rat (D:3)
  2 rat zombies (Ossuary)
112 creatures vanquished.

Vanquished Creatures (others)
  533 foxfires
533 creatures vanquished.

Grand Total: 645 creatures vanquished

Notes
Turn   | Place    | Note
-------+----------+-------------------------------------------
     0 | D:1      | ragingrage the Ogre Fire Elementalist began the quest for
                  | the Orb.
     0 | D:1      | Reached XP level 1. HP: 16/16 MP: 3/3
   201 | D:1      | Found a faded altar of an unknown god.
   228 | D:1      | Reached skill level 1 in Conjurations
   412 | D:1      | Reached XP level 2. HP: 24/24 MP: 2/5
  1002 | D:2      | Reached skill level 3 in Spellcasting
  1002 | D:2      | Reached XP level 3. HP: 25/31 MP: 0/7
  1193 | D:2      | Learned a level 2 spell: Scorch
  1197 | D:2      | Learned a level 3 spell: Conjure Flame
  1735 | D:3      | Found Oteecub's Weapon Boutique.
  1782 | D:3      | Reached XP level 4. HP: 30/39 MP: 2/9
  1823 | D:3      | Found a glowing drain.
  1827 | Sewer    | Entered a sewer
  2006 | Sewer    | Noticed Pargi
  2012 | Sewer    | Killed Pargi
  2013 | Sewer    | Reached skill level 4 in Spellcasting
  2013 | Sewer    | Reached XP level 5. HP: 40/45 MP: 2/11
  2710 | D:3      | Found a glowing golden altar of the Shining One.
  3269 | D:4      | Reached XP level 6. HP: 53/53 MP: 7/12
  4314 | D:5      | Entered Level 5 of the Dungeon
  4375 | D:5      | Identified the +1 flail "Beastbane" {drain, rElec SInv}
  4456 | D:5      | Reached skill level 5 in Spellcasting
  4456 | D:5      | Reached XP level 7. HP: 47/59 MP: 1/14
  4567 | D:5      | Found a sand-covered staircase.
  4602 | Ossuary  | Entered an ossuary
  5343 | D:5      | Found a staircase to the Ecumenical Temple.
  5357 | Temple   | Entered the Ecumenical Temple
  5499 | Temple   | Became a worshipper of Vehumet
  5547 | D:5      | Found an ornate altar of the Wu Jian Council.
  5617 | D:5      | Noticed Grinder
  5632 | D:5      | Killed Grinder
  5633 | D:5      | Reached skill level 5 in Fire Magic
  5819 | D:5      | Reached skill level 6 in Spellcasting
  5819 | D:5      | Reached XP level 8. HP: 61/67 MP: 10/17
  5826 | D:5      | Learned a level 4 spell: Flame Wave
  6102 | D:5      | Found a hide-covered altar of Uskayaw.
  6446 | D:7      | HP: 3/67 [poisoned by a gnoll sergeant]
  6955 | D:7      | Reached skill level 5 in Conjurations
  7084 | D:6      | Mangled by an ogre

Illustrated notes

Levels and vault maps discovered:
D:1:      psy_arrival_spokes, layout_basic, shapermc_ecumenical_altar_venn,
          minmay_misc_feat_five
D:2:      layout_basic
D:3:      layout_rooms, tso_metal_star, serial_shops, shop, gup_sewer_entry_bowl
D:4:      layout_layer_cave
D:5:      layout_basic, nzn_wu_jian_council_hall, marbit_many_paths,
          temple_fountains, gup_ossuary_entry_pyramid, uniq_grinder
D:6:      layout_gridville, cheibrodos_worm_habitat, nicolae_ru_path_of_blood,
          grunt_ministairs_10, guppyfry_shop_venom
D:7:      layout_loops_ring, kennysheep_ying_yang, mainiacjoe_overflow_24_doors,
          old_standard_altar, uniq_prince_ribbit1
Temple:   kb_temple_of_zot

Skill      XL: |  1  2  3  4  5  6  7  8 |
---------------+-------------------------+-----
Conjurations   | 1 2 3 4 5 |  5.1
Fire Magic     | 3 4 5 |  5.9
Spellcasting   | 3 4 5 6 |  6.6
Dodging        | |  1.7
Stealth        | |  1.4

Action                   |  1- 3 |  4- 6 |  7- 9 || total
-------------------------+-------+-------+-------++-------
Melee: Unarmed           |     9 |     2 |       ||    11
       Flail             |       |     2 |     9 ||    11
 Cast: Foxfire           |    70 |   130 |   115 ||   315
       Scorch            |       |    10 |    30 ||    40
  Use: Potion            |       |       |     4 ||     4
Armor: Robe              |     4 |     9 |    18 ||    31
Dodge: Dodged            |    11 |     8 |    33 ||    52

Table legend: (Time is in decaauts)
 A = Elapsed time spent in this place.
 B = Non-inter-level travel time spent in this place.
 C = Inter-level travel time spent in this place.
 D = Time resting spent in this place.
 E = Time spent auto-exploring this place.
 F = Levels seen in this place.
 G = Mean time per level.
                   A        B        C        D        E       F      G
               +--------+--------+--------+--------+--------+-----+--------+
         Total |   7135 |   6919 |    216 |   1377 |   4546 |  10 |  713.5 |
       Dungeon |   5803 |   5638 |    165 |   1018 |   3827 |   7 |  829.0 |
        Temple |    172 |    121 |     51 |      0 |    114 |   1 |  172.0 |
         Sewer |    434 |    434 |      0 |    106 |    246 |   1 |  434.0 |
       Ossuary |    724 |    724 |      0 |    253 |    359 |   1 |  724.0 |
               +--------+--------+--------+--------+--------+-----+--------+

Top non-repeatable levels by time:
     D:4: 1450 daAuts
     D:5: 1161 daAuts
     D:1: 1059 daAuts
     D:3: 925 daAuts
 Ossuary: 724 daAuts
     D:7: 633 daAuts
     D:2: 489 daAuts
   Sewer: 434 daAuts
  Temple: 172 daAuts
     D:6: 83 daAuts
